 Dungeon Crawl Stone Soup version 0.28.0-53-g5a82cb258f (webtiles) character file.

Game seed: 15227249990477158701

124 LynnLen the Sneak (level 4, -1/30 HPs)
             Began as a Vampire Enchanter on Aug 6, 2022.
             Splashed by a jelly's acid (8 damage)
             ... on level 4 of the Dungeon.
             The game lasted 00:09:44 (3186 turns).

LynnLen the Sneak (Vampire Enchanter)               Turns: 3186, Time: 00:09:44

Health: -1/30      AC: -5    Str:  7    XL:     4   Next: 81%
Magic:  4/7        EV: 12    Int: 17    God:
Gold:   143        SH:  0    Dex: 16    Spells: 4/7 levels left

rFire   . . .      SeeInvis +   a - +1 dagger
rCold   . . .      Faith    .   (no shield)
rNeg    . . .      Spirit   .   b - +0 robe
rPois   .          Reflect  .   (no helmet)
rElec   .          Harm     .   (no cloak)
rCorr   .          Rampage  .   h - +0 pair of gloves
Will    .....                   (no boots)
Stlth   +++.......              (no amulet)
HPRegen 0.30/turn               (no ring)
MPRegen 0.10/turn               (no ring)

@: corroded, healing quickly
A: alive, fangs 3, see invisible, vampiric 2
a: Exsanguinate


You were on level 4 of the Dungeon.
You visited 1 branch of the dungeon, and saw 4 of its levels.

You collected 143 gold pieces.

Inventory:

Hand Weapons
 a - a +1 dagger (weapon)
Missiles
 f - a throwing net (quivered)
Armour
 b - a +0 robe (worn)
 h - a +0 pair of gloves (worn)
Jewellery
 d - a ring of willpower
Potions
 c - a potion of lignification {unknown}
 e - a potion of curing
 g - a potion of might {unknown}


   Skills:
 * Level 4.2 Short Blades
 - Level 2.2 Dodging
 + Level 6.1 Stealth
 - Level 2.0 Spellcasting
 - Level 4.4 Hexes


You had 4 spell levels left.
You knew the following spells:

 Your Spells              Type           Power      Damage    Failure   Level
a - Confusing Touch       Hex            16%        N/A       10%         3

Your spell library contained the following spells:

 Spells                   Type           Power      Damage    Failure   Level
 Tukima's Dance           Hex            16%        N/A       10%         3
 Ensorcelled Hibernation  Hex/Ice        18%        N/A       12%         2
 Animate Skeleton         Necr           2%         N/A       19%         1
 Pain                     Necr           4%         1d4       19%         1
 Dazzling Flash           Conj/Hex       18%        N/A       24%         3
 Vampiric Draining        Necr           1%         2d6       50%         3
 Silence                  Hex/Air        4%         N/A       91%         5
 Agony                    Necr           1%         N/A       99%         5


Dungeon Overview and Level Annotations

Branches:
Dungeon (4/15)
 Temple: D:4-7

Altars:


Innate Abilities, Weirdness & Mutations

Your natural rate of healing is accelerated.
You have razor-sharp teeth.
You have supernaturally acute eyesight. (SInv)
You are afflicted with vampirism and can become a bat while bloodless.


Message History

You start resting.
Magic restored.
Found a stone staircase leading up.
Found a scroll labelled ASSI PETAMYI.
Found a stone staircase leading down.
Found a stone staircase leading down.
Found 18 arrows.
You see here 18 arrows.
A hobgoblin comes into view.
The helpless hobgoblin fails to defend itself.
You impale the hobgoblin!!
You kill the hobgoblin!
A jelly comes into view.
The jelly quivers.
The jelly closely misses you.
You completely miss the jelly. The jelly barely misses you.
You hit the jelly.
Your hands burn!
The jelly is lightly wounded.
The jelly hits you but does no damage.
Casting: Confusing Touch (quite dangerous; 10% risk of failure)
Confirm with . or Enter, or press ? or * to list all spells.
Your hands begin to glow red.
The jelly hits you.
You are splashed with acid!
You hit the jelly but do no damage.
The jelly appears confused.
The acid corrodes you!
Your hands burn!
The jelly is lightly wounded.
You hit the jelly.
Your hands burn!
* * * LOW HITPOINT WARNING * * *
The jelly is lightly wounded.
The jelly closely misses you.
You feel better.
You feel better. The jelly hits you. The acid corrodes you!
You are splashed with acid!
You hit the jelly but do no damage.
Your hands burn!
* * * LOW HITPOINT WARNING * * *
You bite the jelly, but do no damage.
The jelly is lightly wounded.
The jelly hits you.
* * * LOW HITPOINT WARNING * * *
You are splashed with acid!
You die...

#.###.####.<..#
####.#
#.........#
#....#
#.##.......
#.##.#
#...<......
#.##.#
####.......
#.##.# ##.....#
#.##.# #.....#
#.##.# #.....#
#@##.# #.....#
#J...# #.#.###
...### #.#.#
..... #......
#.....##
##..... #######


You could see a jelly (confused).

Vanquished Creatures
  Jessica (D:3)
  3 adders
  A worm (D:2)
  A dart slug (D:3)
  3 orcs
  5 ball pythons
  3 bats
  5 endoplasms
  2 giant cockroaches (D:1)
  3 goblins (D:1)
  8 hobgoblins
  8 jackals
  6 kobolds
  3 quokkas
  4 frilled lizards
  2 rats (D:1)
58 creatures vanquished.

Notes
Turn   | Place    | Note
-------+----------+-------------------------------------------
     0 | D:1      | LynnLen the Vampire Enchanter began the quest for the Orb.
     0 | D:1      | Reached XP level 1. HP: 13/13 MP: 3/3
   149 | D:1      | Reached XP level 2. HP: 12/19 MP: 5/5
   224 | D:1      | Found a faded altar of an unknown god.
   385 | D:1      | Reached skill level 5 in Stealth
   472 | D:1      | Gained mutation: You are afflicted with vampirism and can
                  | become a bat while bloodless. [Vampire growth]
   472 | D:1      | Reached XP level 3. HP: 19/24 MP: 6/6
   476 | D:1      | Learned a level 3 spell: Confusing Touch
  1819 | D:3      | Noticed Jessica
  1824 | D:3      | Killed Jessica
  1825 | D:3      | Reached XP level 4. HP: 30/30 MP: 7/7
  2167 | D:3      | Reached skill level 6 in Stealth
  3186 | D:4      | Splashed by a jelly's acid

Illustrated notes

Levels and vault maps discovered:
D:1:      eino_arrival_water_star, layout_rooms,
          hellmonk_ecumenical_altar_pennies_from_heaven,
          minmay_indecisive_spiral
D:2:      layout_loops_cross, item_on_display_a
D:3:      layout_basic, uniq_jessica
D:4:      layout_loops_ring

Skill      XL: |  1  2  3  4 |
---------------+-------------+-----
Short Blades   | 2 3 4 |  4.2
Stealth        | 5 6 |  6.1
Dodging        | |  2.2
Spellcasting   | |  2.0
Hexes          | |  4.4

Action                   |  1- 3 |  4- 6 || total
-------------------------+-------+-------++-------
Melee: Dagger            |   189 |    79 ||   268
       Punch             |     2 |     2 ||     4
       Bite              |    19 |    10 ||    29
 Cast: Confusing Touch   |     2 |     2 ||     4
  Use: Potion            |     1 |     3 ||     4
       Scroll            |     1 |     1 ||     2
 Stab: Sleeping          |     8 |     7 ||    15
       Invisible         |     1 |       ||     1
       Confused          |     2 |     1 ||     3
Armor: Robe              |    26 |    10 ||    36
Dodge: Dodged            |   127 |    33 ||   160
